Map: Zen LE

Players

Antwinger

  • Race: Zerg Zerg
  • League: Diamond
  • Spawn Location: 7:00

ApeOfAnarchy

  • Race: Protoss Protoss

VOD

Have the link to the VOD?

Description

Zerg rush, best with archon. Maybe doable for solo

Time

  • Played on: April 24, 2020, 7:29 p.m.
  • Length: 4:44
Show
View Real Time Build Order
Export as new Build Order

Antwinger Zerg 

Build Orders:  

Get SALT Encoding   

  12  0:28  Spawning Pool  
  11  0:30  Drone  
  11  0:37  Drone  
  13  0:44  Drone  
  14  0:57  Overlord  
  14  1:09  Extractor  
  13  1:33  Zergling x6  
  16  1:48  Queen  
  18  1:56  Evolution Chamber  
  17  2:03  Zergling x2  
  17  2:09  Zergling x2  
  19  2:27  Drone  
  20  2:44  Overlord  
  20  2:53  Zergling x2  
  20  3:14  Zergling x2  
  21  3:27  Metabolic Boost  
  21  3:31  Zergling x2  
  21  3:32  Zergling x4  
  23  3:51  Zergling x2  
  23  3:52  Zergling x2  
  24  4:02  Zergling x2  
  23  4:16  Zergling x2  
Show
View Real Time Build Order
Export as new Build Order

ApeOfAnarchy Protoss 

Build Orders:  

Get SALT Encoding   

Tags
 
League
Diamond
Matchup
Co-op
Add a new tag
Caveats
  • Supply blocks, unpowered buildings, or Contaminate may cause inaccurate times.
  • Supply counts are checked every 10 seconds.